HBL
TUCSON TARANTULAS @ NAPERVILLE LAZY FISHERMAN
04/13/1997
 
TOP OF THE 1ST
Tucson Tarantulas batting - Pitching for Naperville Lazy Fisherman : RHP David Cone
Pitching: RHP David Cone
Batting: RHB Ray Holbert 0-0: Ball
1-0: Fly out, F9 (Flyball, 9LS, EV 83.8 MPH)
Batting: SHB Manuel Lee 0-0: Ball
1-0: Ball
2-0: Foul Ball, location: 2F
2-1: SINGLE (Groundball, 4D, EV 108.8 MPH)
Batting: SHB Bip Roberts 0-0: Ball
1-0: Foul Ball, location: 2F
1-1: Ball
2-1: Ground out 4-3 (Groundball, 34S, EV 67.5 MPH)
Manuel Lee to second
Batting: RHB Andres Galarraga 0-0: Swinging Strike
0-1: Ball
1-1: Ball
2-1: Foul Ball, location: 2F
2-2: Ball
3-2: Strikes out looking
Top of the 1st over - 0 runs, 1 hit, 0 errors, 1 left on base; Tucson 0 - Naperville 0
BOTTOM OF THE 1ST
Naperville Lazy Fisherman batting - Pitching for Tucson Tarantulas : LHP Chuck Finley
Pitching: LHP Chuck Finley
Batting: SHB Denny Hocking 0-0: Ball
1-0: Ball
2-0: Called Strike
2-1: Called Strike
2-2: Strikes out swinging
Batting: RHB Gary Disarcina 0-0: Ball
1-0: Ball
2-0: Ground out 5-3 (Groundball, 5S, EV 90.0 MPH)
Batting: SHB Felipe Crespo 0-0: Ball
1-0: Foul Ball, location: 2F
1-1: Swinging Strike
1-2: Ball
2-2: Strikes out swinging
Bottom of the 1st over - 0 runs, 0 hits, 0 errors, 0 left on base; Tucson 0 - Naperville 0
TOP OF THE 2ND
Tucson Tarantulas batting - Pitching for Naperville Lazy Fisherman : RHP David Cone
Batting: RHB Dave McCarty 0-0: Ball
1-0: Ball
2-0: Ball
3-0: Base on Balls
Batting: RHB Jack Voigt 0-0: Ball
1-0: Called Strike
1-1: Ball
2-1: Foul Ball, location: 2F
2-2: Foul Ball, location: 2F
2-2: Foul Ball, location: 2F
2-2: Ball
3-2: Grounds into double play, 6-4-3 (Groundball, 6M, EV 83.1 MPH)
Batting: LHB Ray McDavid 0-0: Ball
1-0: Swinging Strike
1-1: Swinging Strike
1-2: Ball
2-2: Strikes out looking
Top of the 2nd over - 0 runs, 0 hits, 0 errors, 0 left on base; Tucson 0 - Naperville 0
BOTTOM OF THE 2ND
Naperville Lazy Fisherman batting - Pitching for Tucson Tarantulas : LHP Chuck Finley
Batting: RHB Craig Worthington 0-0: Fly out, F9 (Flyball, 89S, EV 86.9 MPH)
Batting: RHB David Bell 0-0: Ball
1-0: Swinging Strike
1-1: Foul Ball, location: 2F
1-2: Ball
2-2: Ball
3-2: Base on Balls
Batting: RHB Gary Bennett 0-0: Called Strike
0-1: Ball
1-1: Fly out, F8 (Flyball, 8RM, EV 96.9 MPH)
Batting: RHB Kent Anderson 0-0: Fielders Choice at 2nd, U6 (Groundball, 6M, EV 101.9 MPH)
Bottom of the 2nd over - 0 runs, 0 hits, 0 errors, 1 left on base; Tucson 0 - Naperville 0
TOP OF THE 3RD
Tucson Tarantulas batting - Pitching for Naperville Lazy Fisherman : RHP David Cone
Batting: LHB Jorge Fabregas 0-0: SINGLE (Groundball, 4MD, EV 105.0 MPH)
Batting: RHB Ralph Milliard 0-0: Called Strike
0-1: Foul Ball, location: 2F
0-2: Strikes out swinging
Batting: RHB Ray Holbert 0-0: Fielders Choice at 2nd, 1-6 (Groundball, 34S, EV 65.0 MPH)
Batting: SHB Manuel Lee 0-0: Swinging Strike
0-1: Called Strike
0-2: Ball
1-2: Ball
2-2: Strikes out swinging, 2-3 out at first.
Top of the 3rd over - 0 runs, 1 hit, 0 errors, 1 left on base; Tucson 0 - Naperville 0
BOTTOM OF THE 3RD
Naperville Lazy Fisherman batting - Pitching for Tucson Tarantulas : LHP Chuck Finley
Batting: LHB Matt Luke 0-0: Called Strike
0-1: SINGLE (Line Drive, 9S, EV 102.5 MPH)
Batting: LHB Dan Peltier 0-0: Called Strike
0-1: Swinging Strike
0-2: Ball
1-2: Strikes out swinging
Batting: SHB Denny Hocking 0-0: Called Strike
0-1: Ground out 3-1 (Groundball, 34, EV 80.6 MPH)
Matt Luke to second
Batting: RHB Gary Disarcina 0-0: Fly out, F8 (Line Drive, 8RD, EV 101.3 MPH)
Bottom of the 3rd over - 0 runs, 1 hit, 0 errors, 1 left on base; Tucson 0 - Naperville 0
TOP OF THE 4TH
Tucson Tarantulas batting - Pitching for Naperville Lazy Fisherman : RHP David Cone
Batting: SHB Bip Roberts 0-0: Ball
1-0: Ground out 6-3 (Groundball, 6, EV 104.4 MPH)
Batting: RHB Andres Galarraga 0-0: TRIPLE (Flyball, 8RXD, EV 108.1 MPH)
Batting: RHB Dave McCarty 0-0: Ball
1-0: Ground out 6-3 (Groundball, 6M, EV 82.5 MPH)
Andres Galarraga scores
Batting: RHB Jack Voigt 0-0: Ball
1-0: Ball
2-0: Ground out 5-3 (Groundball, 56S, EV 88.8 MPH)
Top of the 4th over - 1 run, 1 hit, 0 errors, 0 left on base; Tucson 1 - Naperville 0
BOTTOM OF THE 4TH
Naperville Lazy Fisherman batting - Pitching for Tucson Tarantulas : LHP Chuck Finley
Batting: SHB Felipe Crespo 0-0: Ground out 6-3 (Groundball, 6, EV 86.3 MPH)
Batting: RHB Craig Worthington 0-0: Swinging Strike
0-1: Foul Ball, location: 2F
0-2: Ball
1-2: Strikes out looking
Batting: RHB David Bell 0-0: Swinging Strike
0-1: Ball
1-1: Ball
2-1: Foul Ball, location: 2F
2-2: Foul Ball, location: 2F
2-2: Strikes out swinging
Bottom of the 4th over - 0 runs, 0 hits, 0 errors, 0 left on base; Tucson 1 - Naperville 0
TOP OF THE 5TH
Tucson Tarantulas batting - Pitching for Naperville Lazy Fisherman : RHP David Cone
Batting: LHB Ray McDavid 0-0: Ball
1-0: Ball
2-0: Ball
3-0: Called Strike
3-1: SINGLE (Line Drive, 7S, EV 108.1 MPH)
Batting: LHB Jorge Fabregas 0-0: SINGLE (Groundball, 4MD, EV 98.8 MPH)
Ray McDavid to second
Batting: RHB Ralph Milliard 0-0: Ball
1-0: Called Strike
1-1: Sac Bunt to P - play at first, batter OUT! 1-3
Ray McDavid to third
Jorge Fabregas to second
Batting: RHB Ray Holbert 0-0: Swinging Strike
0-1: Ball
1-1: Ball
2-1: Ground out 6-3 (Groundball, 6, EV 88.8 MPH)
Ray McDavid scores
Batting: SHB Manuel Lee 0-0: Fly out, F7 (Flyball, 7, EV 86.3 MPH)
Top of the 5th over - 1 run, 2 hits, 0 errors, 1 left on base; Tucson 2 - Naperville 0
BOTTOM OF THE 5TH
Naperville Lazy Fisherman batting - Pitching for Tucson Tarantulas : LHP Chuck Finley
Batting: RHB Gary Bennett 0-0: Called Strike
0-1: Ground out 6-3 (Groundball, 6, EV 93.1 MPH)
Batting: RHB Kent Anderson 0-0: Swinging Strike
0-1: Ground out 5-3 (Groundball, 56, EV 110.6 MPH)
Batting: LHB Matt Luke 0-0: Called Strike
0-1: Foul Ball, location: 2F
0-2: SOLO HOME RUN (Flyball, 9D, EV 94.4 MPH), Distance : 368 ft
Batting: LHB Dan Peltier 0-0: Swinging Strike
0-1: Ball
1-1: Ball
2-1: Foul Ball, location: 2F
2-2: Strikes out looking
Bottom of the 5th over - 1 run, 1 hit, 0 errors, 0 left on base; Tucson 2 - Naperville 1
TOP OF THE 6TH
Tucson Tarantulas batting - Pitching for Naperville Lazy Fisherman : RHP David Cone
Batting: SHB Bip Roberts 0-0: Ball
1-0: SINGLE (Groundball, 34S, EV 70.0 MPH) (infield hit)
Batting: RHB Andres Galarraga 0-0: Foul Ball, location: 2F
0-1: Ball
1-1: Swinging Strike
1-2: Fielders Choice at 2nd, 5-4 (Groundball, 5, EV 101.9 MPH)
Batting: RHB Dave McCarty 0-0: Hit by Pitch
Andres Galarraga to second
Pitching: RHP Pete Young
Batting: RHB Jack Voigt 0-0: Ball
1-0: Foul Ball, location: 2F
1-1: Foul Ball, location: 2F
1-2: Foul Ball, location: 2F
1-2: Ball
2-2: Strikes out swinging
Batting: LHB Ray McDavid 0-0: Called Strike
0-1: Foul Ball, location: 2F
0-2: Fielders Choice at 2nd, 6-4 (Groundball, 6, EV 110.0 MPH)
Top of the 6th over - 0 runs, 1 hit, 0 errors, 2 left on base; Tucson 2 - Naperville 1
BOTTOM OF THE 6TH
Naperville Lazy Fisherman batting - Pitching for Tucson Tarantulas : LHP Chuck Finley
Batting: SHB Denny Hocking 0-0: Ball
1-0: Ball
2-0: Swinging Strike
2-1: Fly out, F4 (Popup, 4MD, EV 30.6 MPH)
Batting: RHB Gary Disarcina 0-0: Foul Ball, location: 2F
0-1: Ball
1-1: Swinging Strike
1-2: Strikes out swinging
Batting: SHB Felipe Crespo 0-0: Called Strike
0-1: Foul Ball, location: 2F
0-2: Strikes out swinging
Bottom of the 6th over - 0 runs, 0 hits, 0 errors, 0 left on base; Tucson 2 - Naperville 1
TOP OF THE 7TH
Tucson Tarantulas batting - Pitching for Naperville Lazy Fisherman : RHP Pete Young
Batting: LHB Jorge Fabregas 0-0: Ball
1-0: Called Strike
1-1: Foul Ball, location: 2F
1-2: Strikes out looking
Batting: RHB Ralph Milliard 0-0: Ball
1-0: Ball
2-0: Ball
3-0: Called Strike
3-1: Called Strike
3-2: Foul Ball, location: 2F
3-2: Ground out 6-3 (Groundball, 6, EV 97.5 MPH)
Batting: RHB Ray Holbert 0-0: Foul Ball, location: 2F
0-1: Swinging Strike
0-2: Strikes out swinging
Top of the 7th over - 0 runs, 0 hits, 0 errors, 0 left on base; Tucson 2 - Naperville 1
BOTTOM OF THE 7TH
Naperville Lazy Fisherman batting - Pitching for Tucson Tarantulas : LHP Chuck Finley
Batting: RHB Craig Worthington 0-0: Called Strike
0-1: Foul Ball, location: 2F
0-2: Ball
1-2: Ball
2-2: DOUBLE (Line Drive, 3D, EV 100.0 MPH)
Batting: RHB David Bell 0-0: Swinging Strike
0-1: Ball
1-1: Called Strike
1-2: Ball
2-2: Fly out, F2 (Popup, 2RF, EV 90.0 MPH)
Batting: RHB Gary Bennett 0-0: Ball
1-0: Ball
2-0: Ball
3-0: Base on Balls
Batting: RHB Kent Anderson 0-0: Called Strike
0-1: Ball
1-1: Foul Ball, location: 2F
1-2: Strikes out swinging
Batting: LHB Matt Luke 0-0: Ground out 4-3 (Groundball, 4, EV 107.5 MPH)
Bottom of the 7th over - 0 runs, 1 hit, 0 errors, 2 left on base; Tucson 2 - Naperville 1
TOP OF THE 8TH
Tucson Tarantulas batting - Pitching for Naperville Lazy Fisherman : RHP Pete Young
Batting: SHB Manuel Lee 0-0: Ball
1-0: Swinging Strike
1-1: Swinging Strike
1-2: Ball
2-2: Strikes out swinging
Batting: SHB Bip Roberts 0-0: Swinging Strike
0-1: Foul Ball, location: 2F
0-2: Ball
1-2: Fly out, F7 (Flyball, 7D, EV 101.9 MPH)
Batting: RHB Andres Galarraga 0-0: Ball
1-0: Swinging Strike
1-1: SINGLE (Groundball, 4MD, EV 103.1 MPH)
Batting: RHB Dave McCarty 0-0: SINGLE (Line Drive, 6D, EV 106.3 MPH)
Andres Galarraga to second
Batting: RHB Jack Voigt 0-0: Called Strike
0-1: SINGLE (Flyball, 7S, EV 88.8 MPH)
Andres Galarraga to third
Dave McCarty to second
Runner from 3rd tries for Home, SAFE, no throw by LF
Batting: LHB Ray McDavid 0-0: Ball
1-0: Called Strike
1-1: Ball
2-1: Ball
3-1: Base on Balls
Dave McCarty to third
Jack Voigt to second
Pitching: RHP Scott Arnold
Batting: LHB Jorge Fabregas 0-0: Called Strike
0-1: Ball
1-1: Swinging Strike
1-2: Foul Ball, location: 2F
1-2: Ball
2-2: DOUBLE (Flyball, 89D, EV 114.4 MPH)
Dave McCarty scores
Jack Voigt scores
Ray McDavid to third
Batting: RHB Ralph Milliard 0-0: Ball
1-0: Swinging Strike
1-1: Ball
2-1: Foul Ball, location: 2F
2-2: Foul Ball, location: 2F
2-2: Foul Ball, location: 2F
2-2: Strikes out swinging
Top of the 8th over - 3 runs, 4 hits, 0 errors, 2 left on base; Tucson 5 - Naperville 1
BOTTOM OF THE 8TH
Naperville Lazy Fisherman batting - Pitching for Tucson Tarantulas : LHP Chuck Finley
Batting: LHB Dan Peltier 0-0: Fly out, F9 (Flyball, 9S, EV 84.4 MPH)
Batting: SHB Denny Hocking 0-0: Ball
1-0: Ball
2-0: Called Strike
2-1: Ball
3-1: Ground out 6-3 (Groundball, 6, EV 103.8 MPH)
Batting: RHB Gary Disarcina 0-0: Ball
1-0: Fly out, F6 (Line Drive, 6, EV 72.5 MPH)
Bottom of the 8th over - 0 runs, 0 hits, 0 errors, 0 left on base; Tucson 5 - Naperville 1
TOP OF THE 9TH
Tucson Tarantulas batting - Pitching for Naperville Lazy Fisherman : RHP Scott Arnold
Batting: RHB Ray Holbert 0-0: Called Strike
0-1: Ball
1-1: Ball
2-1: Foul Ball, location: 2F
2-2: Strikes out swinging
Batting: SHB Manuel Lee 0-0: SINGLE (Groundball, 4D, EV 106.9 MPH)
Batting: SHB Bip Roberts 0-0: Ball
1-0: SINGLE (Groundball, 4MS, EV 75.6 MPH) (infield hit)
Manuel Lee to second
Pitching: RHP Carlos C. Maldonado
Batting: RHB Andres Galarraga 0-0: Called Strike
0-1: Fly out, F8 (Flyball, 89D, EV 81.9 MPH)
Runner from 2nd tags up, SAFE at 3rd, no throw by CF
Batting: RHB Dave McCarty 0-0: Ball
1-0: Called Strike
1-1: Fielders Choice at 2nd, 6-4 (Groundball, 56, EV 90.6 MPH)
Top of the 9th over - 0 runs, 2 hits, 0 errors, 2 left on base; Tucson 5 - Naperville 1
BOTTOM OF THE 9TH
Naperville Lazy Fisherman batting - Pitching for Tucson Tarantulas : LHP Chuck Finley
Batting: SHB Felipe Crespo 0-0: Ball
1-0: Ball
2-0: Foul Ball, location: 2F
2-1: Foul Ball, location: 2F
2-2: Strikes out swinging
Batting: RHB Craig Worthington 0-0: Called Strike
0-1: Ball
1-1: SINGLE (Flyball, 89S, EV 88.8 MPH)
Batting: RHB David Bell 0-0: Called Strike
0-1: Ball
1-1: Swinging Strike
1-2: Ball
2-2: Ball
3-2: Strikes out swinging
Batting: RHB Gary Bennett 0-0: Ball
1-0: Swinging Strike
1-1: Swinging Strike
1-2: Strikes out swinging
Bottom of the 9th over - 0 runs, 1 hit, 0 errors, 1 left on base; Tucson 5 - Naperville 1
Monday, January 26th, 2026 - OOTP Baseball 20.8 Build 74